 Dungeon Sprint DCSS version 0.29-a0-459-g97dee8cd24 (webtiles) character file.

Game seed: 15597998092665138799

141 mhtbhm the Skirmisher (level 5, -16/52 HPs)
             Began as a Draconian Berserker on May 20, 2022.
             Was a Believer of Trog.
             Killed from afar by an oklob sapling wizard (29 damage)
             ... with a splash of acid
             ... in the Dungeon (Sprint IV: "Fedhas' Mad Dash").
             The game lasted 00:00:31 (508 turns).

mhtbhm the Skirmisher (Draconian Berserker)          Turns: 508, Time: 00:00:31

Health: -16/52     AC:  1    Str: 22    XL:     5   Next: 3%
Magic:  4/5        EV: 13    Int:  7    God:    Trog [**....]
Gold:   31         SH:  0    Dex: 10    Spells: 4/4 levels left

rFire   . . .      SeeInvis .   a - +0 falchion
rCold   . . .      Faith    .   (no shield)
rNeg    . . .      Spirit   .   (body armour unavailable)
rPois   .          Reflect  .   (helmet restricted)
rElec   .          Harm     .   (no cloak)
rCorr   .          Rampage  .   (no gloves)
Will    .....      NoTele   +   (no boots)
Stlth   +.........              i - amulet of invisibility {+Inv}
HPRegen 0.17/turn               (no ring)
MPRegen 0.09/turn               (no ring)

@: corroded, very slightly contaminated, invisible
A: AC +5, unfitting armour, cold-blooded
a: Renounce Religion, Evoke Invisibility, Berserk, Trog's Hand


You were in the Dungeon.
You worshipped Trog.
Trog was pleased with you.
You visited 1 branch You collected 31 gold pieces.

Inventory:

Hand Weapons
 a - a +0 falchion (weapon)
Jewellery
 i - the amulet of invisibility (around neck) {+Inv}
   (You found it in the Dungeon)

   [amulet of nothing]

   +Inv:      It lets you turn invisible.
Scrolls
 g - a scroll of blinking
Potions
 b - a potion of curing
 c - a potion of heal wounds
 d - a potion of haste
 e - 2 potions of magic
 f - a potion of berserk rage
 h - 2 potions of invisibility {unknown}


   Skills:
 + Level 7.0 Fighting
 + Level 6.7 Long Blades
 + Level 5.6 Dodging
 + Level 1.0 Stealth
 + Level 0.4 Evocations


You had 4 spell levels left.
You didn't know any spells.
Your spell library was empty.

Dungeon Overview and Level Annotations

Branches:
Dungeon (1/1)

Altars:
Cheibriados
Dithmenos
Elyvilon
Gozag
Hepliaklqana
Kikubaaqudgha
Makhleb
Nemelex Xobeh
Okawaru
Qazlal
Ru
Sif Muna
Trog
Uskayaw
Vehumet
Wu Jian
Xom
Yredelemnul
Zin
The Shining One
Beogh
Jiyva
Lugonu

Annotations:
D exclusion: oklob sapling


Innate Abilities, Weirdness & Mutations

Your plain brown scales are hard. (AC +5)
You cannot fit into any form of body armour.
You are cold-blooded and may be slowed by cold attacks.


Message History

You start resting.
HP restored.
There is a corrupted altar of Lugonu here.
You fade into invisibility!
You are very lightly contaminated with residual magic.
You open the door.
An oklob sapling wizard comes into view.
Marking area around an oklob sapling wizard as unsafe for travelling.
Found a robe and a sapphire potion.
There is an open door here.
The helpless oklob sapling wizard fails to defend itself.
You hit the oklob sapling wizard but do no damage.
You strike the helpless oklob sapling wizard from behind!
You hit the oklob sapling wizard but do no damage.
You hit the oklob sapling wizard but do no damage.
You tail-slap the oklob sapling wizard.
The oklob sapling wizard is moderately damaged.
The oklob sapling wizard stares at you and mumbles some strange words.
The magic dart hits you!
You hit the oklob sapling wizard but do no damage.
The oklob sapling wizard is moderately damaged.
You hit the oklob sapling wizard but do no damage.
The oklob sapling wizard is moderately damaged.
The oklob sapling wizard spits acid at you.
The splash of acid hits you!! The acid corrodes you!
You catch the helpless oklob sapling wizard completely off-guard!
You hit the oklob sapling wizard but do no damage.
You tail-slap the oklob sapling wizard.
The oklob sapling wizard is moderately damaged.
You hit the oklob sapling wizard but do no damage.
The oklob sapling wizard is moderately damaged.
The oklob sapling wizard stares at you and mumbles some strange words.
The magic dart hits you!
* * * LOW HITPOINT WARNING * * *
You hit the oklob sapling wizard but do no damage.
The oklob sapling wizard is moderately damaged.
The oklob sapling wizard spits acid at you.
The splash of acid hits you!!
Ouch! That really hurt!
You die...

###################
.#.⌠._._._._.⌠.#.[+
.'.._._._._._..'@P#
.#..._._._._...#..#
##.._._._._._..#.!#
#._._._._._.⌠.####
###############


You could see an oklob sapling wizard (can't see you).

Vanquished Creatures
  A scorpion (D)
  2 oklob saplings (D)
  A river rat (D)
  A rat (D)
5 creatures vanquished.

Notes
Turn   | Place    | Note
-------+----------+-------------------------------------------
     0 | D        | mhtbhm the Draconian Berserker began the quest for the Orb.
     0 | D        | Reached XP level 1. HP: 19/19 MP: 1/1
    11 | D        | Reached skill level 4 in Fighting
    11 | D        | Reached XP level 2. HP: 27/27 MP: 2/2
    58 | D        | Noticed a scorpion
    59 | D        | Noticed an oklob sapling
    60 | D        | Killed an oklob sapling
    60 | D        | Reached ** piety under Trog
    61 | D        | Reached skill level 5 in Fighting
    61 | D        | Reached XP level 3. HP: 36/36 MP: 3/3
    62 | D        | Killed a scorpion
    63 | D        | Reached skill level 6 in Fighting
    63 | D        | Reached skill level 5 in Long Blades
    63 | D        | Reached skill level 5 in Dodging
    63 | D        | Reached XP level 4. HP: 45/45 MP: 4/4
    65 | D        | Found the amulet of invisibility {+Inv}
   213 | D        | Found an opulent altar of Gozag.
   213 | D        | Found a hazy altar of Hepliaklqana.
   213 | D        | Found a burning altar of Makhleb.
   213 | D        | Found a sparkling altar of Nemelex Xobeh.
   213 | D        | Found a snail-covered altar of Cheibriados.
   213 | D        | Found a sacrificial altar of Ru.
   213 | D        | Found a shimmering blue altar of Sif Muna.
   213 | D        | Found a shimmering altar of Xom.
   213 | D        | Found a basalt altar of Yredelemnul.
   214 | D        | Found a viscous altar of Jiyva.
   214 | D        | Found a bloodstained altar of Trog.
   214 | D        | Found an ornate altar of the Wu Jian Council.
   215 | D        | Found an iron altar of Okawaru.
   215 | D        | Found a shadowy altar of Dithmenos.
   215 | D        | Found a glowing silver altar of Zin.
   216 | D        | Found an ancient bone altar of Kikubaaqudgha.
   216 | D        | Found a hide-covered altar of Uskayaw.
   217 | D        | Found a stormy altar of Qazlal.
   217 | D        | Found a white marble altar of Elyvilon.
   217 | D        | Found a glowing golden altar of the Shining One.
   218 | D        | Found a corrupted altar of Lugonu.
   218 | D        | Found a radiant altar of Vehumet.
   227 | D        | Reached skill level 7 in Fighting
   227 | D        | Reached skill level 1 in Stealth
   227 | D        | Reached XP level 5. HP: 8/52 MP: 3/5
   508 | D        | Killed from afar by an oklob sapling wizard

Illustrated notes

Levels and vault maps discovered:
D:        dungeon_sprint_fedhas [sprint_temple]

Skill      XL: |  1  2  3  4 |
---------------+-------------+-----
Fighting       | 4 5 6 7 |  7.0
Dodging        | 3 4 5 |  5.6
Long Blades    | 4 5 6 |  6.7
Stealth        | 1 |  1.0
Evocations     | |  0.4

Action                   |  1- 3 |  4- 6 || total
-------------------------+-------+-------++-------
Melee: Falchion          |     9 |    13 ||    22
       Tailslap          |     1 |     2 ||     3
Invok: Berserk           |     2 |     1 ||     3
 Abil: Evoke Invisibilit |       |     2 ||     2
 Stab: Invisible         |       |     4 ||     4
       Sleeping          |       |     1 ||     1
Armor: Skin              |     3 |       ||     3
Dodge: Dodged            |     3 |       ||     3

Table legend: (Time is in decaauts)
 A = Elapsed time spent in this place.
 B = Non-inter-level travel time spent in this place.
 C = Inter-level travel time spent in this place.
 D = Time resting spent in this place.
 E = Time spent auto-exploring this place.
 F = Levels seen in this place.
 G = Mean time per level.
                   A        B        C        D        E       F      G
               +--------+--------+--------+--------+--------+-----+--------+
         Total |    533 |    533 |      0 |    447 |      3 |   1 |  533.0 |
       Dungeon |    533 |    533 |      0 |    447 |      3 |   1 |  533.0 |
               +--------+--------+--------+--------+--------+-----+--------+

Top non-repeatable levels by time:
       D: 533 daAuts
